 Dungeon Crawl Stone Soup version 0.23-a0-635-g88ca12a (webtiles) character file.

140493 itzapapalotl the Peltast (level 16, -4/131 HPs)
             Began as a Minotaur Fighter on Dec 24, 2018.
             Was the Champion of Makhleb.
             Killed from afar by Nikola (16 damage)
             ... with a chain lightning
             ... on level 3 of the Spider Nest on Dec 28, 2018.
             The game lasted 03:18:29 (24924 turns).

itzapapalotl the Peltast (Minotaur Fighter)        Turns: 24924, Time: 03:18:30

Health: -4/131     AC: 29    Str: 23    XL:     16   Next: 76%
Magic:  0/17       EV:  6    Int: 11    God:    Makhleb [******]
Gold:   1502       SH: 32    Dex: 15    Spells: 15/15 levels left

rFire    + . .     SeeInvis +   q - +6 war axe (vamp) {!w}
rCold    . . .     Gourm    .   l - +5 large shield of Duty {rCorr}
rNeg     . . .     Faith    .   A - +3 crystal plate armour
rPois    +         Spirit   +   (helmet restricted)
rElec    .         Reflect  +   G - scarf {Spirit}
rCorr    +         Harm     .   h - +0 pair of gloves
MR       ++...                  P - +0 pair of boots {Stlth+}
Stlth    ..........             K - amulet "Upnosif" {Reflect +Blink Str-5 Int+6 Dex+3 SH+5}
HPRegen  0.31/turn              U - ring of Fieziuch {rPois rF+ SInv Stlth+}
MPRegen  0.15/turn              L - ring of protection from magic {MR+, !d}

@: studying Spellcasting
A: retaliatory headbutt, horns 2, thin skeletal structure 1, frail 1, low mp 1,
wild magic 1
a: Minor Destruction, Lesser Servant of Makhleb, Major Destruction, Greater
Servant of Makhleb, Renounce Religion, Evoke Blink


You were on level 3 of the Spider Nest.
You worshipped Makhleb.
Makhleb was exalted by your worship.
You were not hungry.

You visited 5 branches of the dungeon, and saw 27 of its levels.
You visited the Abyss 2 times.
You also visited: Trove.

You collected 3514 gold pieces.
You spent 2012 gold pieces at shops.

Inventory:

Hand Weapons
 p - a +3 flail
   (You took it off an orc on level 3 of the Dungeon)
 q - a +6 vampiric war axe (weapon) {!w}
   (You took it off an orc on level 3 of the Dungeon)
 v - a +2 shortbow of velocity
   (You took it off a centaur on level 13 of the Dungeon)
 C - the cursed +3 halberd of Gypp {distort, rF+ rN+ Str-3, unknown}
   (You found it on level 2 of the Spider Nest)

   It warps and distorts space around it.
   Unwielding it can cause banishment or high damage.
   It affects your strength (-3).
   It protects you from fire.
   It protects you from negative energy.
   It has a curse placed upon it.
Missiles
 B - 266 arrows
Armour
 b - a +2 cloak
   (You found it on level 1 of the Spider Nest)
 c - a +1 shield
 h - a +0 pair of gloves (worn)
   (You bought it in a shop on level 2 of the Orcish Mines)
 l - the +5 large shield of Duty (worn) {rCorr}
   (You took it off Louise on level 2 of the Spider Nest)

   It provides partial protection from all sources of acid and corrosion.
 A - a +3 crystal plate armour (worn)
   (You found it on level 10 of the Dungeon)
 G - a scarf of spirit shield (worn)
   (You found it on level 14 of the Dungeon)
 P - a +0 pair of boots of stealth (worn)
   (You found it on level 15 of the Dungeon)
Magical Staves
 i - an uncursed staff of conjuration {unknown}
   (You found it on level 1 of the Spider Nest)
 y - an uncursed staff of poison {rPois}
   (You took it off Arachne on level 2 of the Spider Nest)
Jewellery
 D - an uncursed ring of resist corrosion
   (You found it on level 15 of the Dungeon)
 F - an uncursed ring of poison resistance {rPois, !d}
   (You found it on level 10 of the Dungeon)
 I - a +1 ring of protection
   (You found it on level 15 of the Dungeon)
 K - the amulet "Upnosif" (around neck) {Reflect +Blink Str-5 Int+6 Dex+3 SH+5}
   (You found it in a treasure trove)

   [amulet of reflection]

   It shields you and reflects attacks.
   It affects your strength (-5).
   It affects your intelligence (+6).
   It affects your dexterity (+3).
   It lets you blink.
   It affects your SH (+5).
 L - a ring of protection from magic (right hand) {MR+, !d}
   (You found it on level 2 of the Spider Nest)
 Q - an uncursed ring of flight {+Fly, !d}
   (You found it on level 6 of the Lair of Beasts)
 S - a cursed ring of protection from fire {unknown}
   (You found it on level 3 of the Spider Nest)
 U - the ring of Fieziuch (left hand) {rPois rF+ SInv Stlth+}
   (You found it in a treasure trove)

   [ring of see invisible]

   It protects you from fire.
   It protects you from poison.
   It lets you see invisible.
   It makes you more stealthy.
Wands
 g - a wand of polymorph (19)
   (You took it off Dowan on level 7 of the Dungeon)
 w - a wand of iceblast (24)
   (You found it on level 8 of the Dungeon)
 H - a wand of clouds (2)
   (You found it on level 12 of the Dungeon)
 J - a wand of disintegration (12)
   (You found it on level 12 of the Dungeon)
 N - a wand of paralysis (6)
   (You found it on level 2 of the Spider Nest)
Scrolls
 a - 4 scrolls of amnesia
 j - 7 scrolls of teleportation
 m - 5 scrolls of blinking {!r}
 s - 20 scrolls of remove curse
 z - 2 scrolls of magic mapping {!r}
 M - 2 scrolls of fog
Potions
 d - a potion of berserk rage {!q}
 k - 2 potions of mutation {!q}
 o - 7 potions of curing
 r - a potion of cancellation
 t - 2 potions of heal wounds
 u - 2 potions of ambrosia
 x - a potion of flight
 E - a potion of invisibility
 W - 2 potions of haste
Books
 R - a manual of Spellcasting {!d}
   (You found it on level 2 of the Spider Nest)
Miscellaneous
 e - a phantom mirror
 O - a phial of floods
   (You found it on level 15 of the Dungeon)
 T - a fan of gales
   (You found it in a treasure trove)
Comestibles
 f - 31 rations
 n - a chunk of flesh {@w0}


   Skills:
 + Level 14.2 Fighting
 * Level 18.9 Axes
 + Level 3.7 Bows
 + Level 14.2 Armour
 * Level 5.3 Dodging
 * Level 18.9 Shields
 + Level 6.2 Invocations
 + Level 5.6 Evocations


You had 15 spell levels left.
You didn't know any spells.
Your spell library contained the following spells:

 Spells                   Type           Power        Failure   Level  Hunger
 Beastly Appendage        Tmut           #.....       100%        1    ##.....
 Flame Tongue             Conj/Fire      #....        100%        1    ##.....
 Magic Dart               Conj           #...         100%        1    ##.....
 Sandblast                Erth           #.....       100%        1    ##.....
 Blink                    Tloc           N/A          100%        2    ###....
 Call Imp                 Summ           #.......     100%        2    ###....
 Ensorcelled Hibernation  Hex/Ice        #.....       100%        2    ###....
 Passwall                 Tmut/Erth      #.......     100%        2    ###....
 Slow                     Hex            #.......     100%        2    ###....
 Sticks to Snakes         Tmut           #.......     100%        2    ###....
 Throw Flame              Conj/Fire      #.....       100%        2    ###....
 Conjure Flame            Conj/Fire      #.......     100%        3    ####...
 Inner Flame              Hex/Fire       #.......     100%        3    ####...
 Mephitic Cloud           Conj/Pois/Air  #.......     100%        3    ####...
 Spider Form              Tmut/Pois      #.........   100%        3    ####...
 Stone Arrow              Conj/Erth      #.....       100%        3    ####...
 Ice Form                 Ice/Tmut       #.......     100%        4    #####..
 Petrify                  Tmut/Erth      #.......     100%        4    #####..
 Sticky Flame             Conj/Fire      #.......     100%        4    #####..
 Blade Hands              Tmut           #.........   100%        5    ######.
 Borgnjor's Vile Clutch   Necr/Erth      #.........   100%        5    ######.
 Fireball                 Conj/Fire      #.........   100%        5    ######.
 Lee's Rapid Deconstruct  Erth           #.........   100%        5    ######.
 Metabolic Englaciation   Hex/Ice        #.........   100%        5    ######.
 Silence                  Hex/Air        #.........   100%        5    ######.
 Bolt of Cold             Conj/Ice       #.........   100%        6    #######
 Darkness                 Hex            #.........   100%        6    #######
 Freezing Cloud           Conj/Ice/Air   #.........   100%        6    #######
 Ozocubu's Refrigeration  Ice            #.........   100%        6    #######
 Shadow Creatures         Summ           N/A          100%        6    #######
 Simulacrum               Ice/Necr       #.........   100%        6    #######


Dungeon Overview and Level Annotations

Branches:
Dungeon (15/15)            Temple (1/1) D:4            Lair (6/6) D:8
 Shoals (0/4) Lair:4       Spider (3/4) Lair:3        Slime (0/5) Lair:5
    Orc (2/2) D:9             Elf (0/3) Orc:2        Vaults (0/5) D:13
 Depths (0/5) D:15

Altars:
Cheibriados
Dithmenos
Elyvilon
Gozag
Kikubaaqudgha
Makhleb
Nemelex Xobeh
Okawaru
Ru
Trog
Uskayaw
Vehumet
Wu Jian
Xom
Yredelemnul
The Shining One

Shops:
D:4 [   D:7 (   D:10 (   D:11 [**   D:12 (   Orc:1 :   Orc:2 [(*:

Annotations:
Lair:1 Gastronok
Lair:6 exclusion: 2 oklob plants
Spider:3 Nikola


Innate Abilities, Weirdness & Mutations

You reflexively headbutt those who attack you in melee.
You have a pair of horns on your head.
You have a somewhat thin skeletal structure. (Dex +2, Stealth)
You are frail. (-10% HP)
Your magical capacity is low. (-10% MP)
Your spells are a little harder to cast, but a little more powerful.


Message History

You block the redback's attack.
You hit the redback.
You hit the entropy weaver but do no damage.
You closely miss the redback. You block the redback's attack.
The redback bites you but does no damage.
You slice the redback!!
You kill the redback!
Makhleb accepts your kill.
You closely miss the entropy weaver. You closely miss the redback.
You block the redback's attack.
You block the entropy weaver's attack. x3
The entropy weaver hits you.
You take 4 damage, and have 127/131 hp.
You now have 16/17 mp.
Your shield and crystal plate armour prevent you from hitting the redback.
You headbutt the redback. You hit the entropy weaver.
You feel better. You block the redback's attack.
The entropy weaver casts a spell.
You block the redback's attack.
You regained 2 hp, and now have 129/131 hp.
Your shield and crystal plate armour prevent you from hitting the redback.
You headbutt the redback! You hit the entropy weaver.
You feel better.
You block the entropy weaver's attack. x3
The entropy weaver hits you but does no damage.
You block the redback's attack.
You hit the redback.
You feel better.
You barely miss the entropy weaver. The entropy weaver hits you.
You block the entropy weaver's attack.
The entropy weaver hits you but does no damage.
You block the entropy weaver's attack.
The redback bites you but does no damage.
You take 1 damage, and have 129/131 hp.
You slice the redback!!
You feel better.
You kill the redback!
Makhleb accepts your kill.
You slash the entropy weaver!
You block the entropy weaver's attack. x4
Health restored: 131 You hit the entropy weaver.
Your headbutt misses the entropy weaver.
You block the entropy weaver's attack.
The entropy weaver hits you but does no damage.
You block the entropy weaver's attack. x2
You slash the entropy weaver!
The entropy weaver gestures wildly while chanting.
The entropic weave corrodes you!
You slash the entropy weaver!
You block the entropy weaver's attack. x3
The entropy weaver hits you but does no damage.
You slash the entropy weaver!
Your headbutt misses the entropy weaver.
The entropy weaver mumbles some strange words.
The entropic weave corrodes you!
You slash the entropy weaver!
The entropy weaver gestures wildly while chanting.
The entropic weave corrodes you!
MP restored: 17 Your crystal plate armour prevents you from hitting the entropy weaver.
You block the entropy weaver's attack.
The entropy weaver hits you but does no damage.
You block the entropy weaver's attack. x2
Your crystal plate armour prevents you from hitting the entropy weaver.
Your headbutt misses the entropy weaver.
You slash the entropy weaver!
Your headbutt misses the entropy weaver.
The entropy weaver hits you but does no damage.
You block the entropy weaver's attack.
The entropy weaver hits you but does no damage.
The entropy weaver hits you.
You take 1 damage, and have 130/131 hp.
You closely miss the entropy weaver. You headbutt the entropy weaver.
You block the entropy weaver's attack. x2; The entropy weaver hits you. x2
You take 2 damage, and have 128/131 hp.
Your crystal plate armour prevents you from hitting the entropy weaver.
You block the entropy weaver's attack. x2; The entropy weaver hits you!
You block the entropy weaver's attack.
You take 6 damage, and have 122/131 hp.
You now have 16/17 mp.
You hit the entropy weaver but do no damage.
Your headbutt misses the entropy weaver.
You block the entropy weaver's attack. x3
The entropy weaver hits you but does no damage.
You hit the entropy weaver. The entropy weaver hits you. x2
You block the entropy weaver's attack. x2
You take 8 damage, and have 114/131 hp.
You slash the entropy weaver!
You feel better.
You kill the entropy weaver!
Makhleb accepts your kill.
You feel better.
Health restored: 131 No target in view!
No target in view!
Unknown command.
A jumping spider comes into view.
The jumping spider hisses angrily.
A redback comes into view.
MP restored: 17 A tarantella and a redback come into view.
The tarantella hisses angrily.
The jumping spider pounces on you but does no damage.
The jumping spider bites you but does no damage.
You slash the jumping spider! You hit the redback.
You barely miss the jumping spider.
Your headbutt misses the jumping spider.
You hit the redback but do no damage. You block the redback's attack.
You slash the redback!
You headbutt the redback, but do no damage.
You closely miss the redback.
The redback bites you but does no damage.
You closely miss the redback. x2; You block the redback's attack.
The redback bites you but does no damage.
You hit the redback. Your headbutt misses the redback.
You closely miss the redback. You slash the tarantella!
You block the redback's attack. x2
The tarantella bites you but does no damage.
You slash the redback!
You kill the redback!
Makhleb accepts your kill.
You hit the redback.
Your shield and crystal plate armour prevent you from hitting the tarantella.
You block the redback's attack. You block the tarantella's attack.
You slash the redback! You slash the tarantella!
Your shield and crystal plate armour prevent you from hitting the jumping You block the redback's attack.
You block the tarantella's attack.
The jumping spider leaps!
You block the redback's attack.
You hit the tarantella. You miss the redback.
You block the tarantella's The jumping spider leaps!
You block the redback's attack.
You slash the tarantella!
You kill the tarantella!
Makhleb accepts your kill.
You hit the jumping spider. You barely miss the redback.
The jumping spider barely misses you. You block the jumping spider's attack.
The redback bites you but does no damage.
You slice the redback!!
You kill the redback!
Makhleb accepts your kill.
You slash the jumping spider!
The jumping spider leaps! x2
No target in view!
No target in view!
The jumping spider is too close now for your liking.
A jumping spider is nearby!
The jumping spider leaps!
The jumping spider leaps!
You block the jumping spider's attack. x2
You hit the jumping spider.
The jumping spider leaps!
You block the jumping spider's attack. The jumping spider barely misses you.
You hit the jumping spider.
You block the jumping spider's attack. x3
The jumping spider completely misses you.
You hit the jumping spider but do no damage.
You block the jumping spider's attack. x2
Your shield and crystal plate armour prevent you from hitting the jumping The jumping spider leaps!
The jumping spider leaps!
You block the jumping spider's attack. x2
You hit the jumping spider.
You kill the jumping spider!
Makhleb accepts your kill.
No target in view!
A wolf spider comes into view.
You hit the wolf spider but do no damage.
You headbutt the wolf spider, but do no damage.
You block the wolf spider's attack. x2
The wolf spider hits you but does no damage.
You block the wolf spider's attack.
You hit the wolf spider but do no damage.
Your headbutt misses the wolf spider. You block the wolf spider's attack. x2
You hit the wolf spider. You block the wolf spider's attack. x2
You closely miss the wolf spider. You block the wolf spider's attack. x2
You slash the wolf spider! You block the wolf spider's attack. x2
You slash the wolf spider! You block the wolf spider's attack. x2
You slice the wolf spider!!
You are no longer corroded.
The wolf spider hits you!
The wolf spider bites you but does no damage.
You take 6 damage, and have 125/131 hp.
You now have 16/17 mp.
You slice the wolf spider!!
You feel better.
You kill the wolf spider!
Makhleb accepts your kill.
You feel better.
Health restored: 131 No target in view!
S - a wooden ring 2 redbacks come into view.
Nikola the Mad Inventor comes into view.
He is wielding a +2 rapier of Nikola shouts!
MP restored: 17 The floor.
You block the redback's attack. You block the redback's attack. x2
Nikola casts a spell at you. The bolt of lightning hits you!
You take 50 damage, and have 81/131 hp.
MASSIVE DAMAGE!!
You now have 10/17 mp.
You block the redback's attack. x2
Nikola gestures wildly while chanting.
You hear a mighty clap of thunder!
The lightning arc hits you!
* * * LOW HITPOINT WARNING * * *
The lightning arc hits the redback.
The redback dies!
The lightning arc hits you!
* * * LOW HITPOINT WARNING * * *
The lightning arc hits the redback.
The lightning arc hits you!
You die...

.......##......
...?....#...... #
............. #
#.........^ #
#........### #
...@...#.## ##....^..^#
# ##.^@......# ###
#^#..†s.?.^.### #≈#####
#.........###^###≈≈≈≈#≈
##..?....###..##≈≈≈≈≈≈≈
#^##.....##..##.≈≈≈≈##
## ##...####.^..≈≈≈#..
####..#.###...^#....
#..^.....##.........
##........####.[....


You could see Nikola and a redback.

Vanquished Creatures
  Arachne (Spider:2)
  An Executioner (Abyss:3)
  2 sphinxes (D:13)
  Roxanne (Spider:2)
  Louise (Spider:2)
  An orc warlord (Orc:2)
  An emperor scorpion (Spider:3)
  2 entropy weavers
  An ettin (D:13)
  A fire dragon (D:15)
  Josephine (Lair:6)
  A rakshasa (Abyss:2)
  8 vault guards (D:13)
  8 hydras
  A naga warrior (Abyss:3)
  A catoblepas (Lair:6)
  A centaur warrior (D:14)
  Erica (D:11)
  3 death yaks (Lair:6)
  3 tengu warriors
  A deep troll shaman (Lair:6)
  2 two-headed ogres
  A thrashing horror (Abyss:2)
  6 orc high priests (Orc:2)
  Sonja (D:10)
  Urug (Lair:3)
  2 unseen horrors
  An unseen horror (shapeshifter) (D:13)
  An orange crystal statue (D:15)
  A lindwurm (shapeshifter) (D:13)
  2 orc knights (Orc:2)
  3 orc sorcerers (Orc:2)
  11 orb spiders
  13 wolf spiders
  5 cyclopes
  An oklob plant (Lair:6)
  8 ugly things
  4 manticores
  A worldbinder (Abyss:2)
  A moth of wrath (Spider:1)
  3 merfolk sirens (Lair:4)
  2 elephants (Lair:6)
  A guardian serpent (Abyss:3)
  A black mamba (Lair:3)
  A smoke demon (Abyss:3)
  A titan simulacrum (Abyss:3)
  A shock serpent skeleton (Abyss:3)
  A torpor snail (Spider:1)
  An apocalypse crab (Abyss:2)
  A gargoyle (D:13)
  A hellion (Abyss:2)
  16 spiny frogs
  A kobold demonologist (D:15)
  2 rime drakes
  5 komodo dragons
  8 demonic crawlers
  6 trolls
  A meliai (shapeshifter) (D:14)
  24 jumping spiders
  A queen bee (D:8)
  A merfolk (Lair:4)
  2 polar bears (Lair:6)
  12 blink frogs
  A hornet (D:13)
  4 slime creatures
  10 hippogriffs
  A shadow (D:14)
  Sigmund (D:3)
  A yak (shapeshifter) (D:15)
  3 ynoxinuls
  11 tarantellas
  48 redbacks
  An ettin skeleton (Abyss:3)
  9 wraiths
  4 hungry ghosts
  9 large abominations
  99 yaks
  A basilisk (Lair:5)
  2 steam dragons
  2 neqoxecs
  2 wyverns (D:11)
  7 vampire mosquitoes
  3 wargs (Orc:2)
  2 nagas (Abyss:3)
  2 soldier ants (D:13)
  An acid dragon (D:15)
  10 porcupines
  A two-headed ogre zombie (D:9)
  13 water moccasins
  Duvessa (D:7)
  2 black bears (D:10)
  32 orc warriors
  4 sky beasts
  2 phantoms
  3 ice beasts
  A black bear (shapeshifter) (D:15)
  5 necrophages
  An eye of draining (D:13)
  4 boggarts (D:15)
  12 ogres
  15 wolves
  7 centaurs
  10 crocodiles
  An elf zombie (D:15)
  15 bullfrogs
  2 big kobolds
  Dowan (D:7)
  7 scorpions
  3 wyvern skeletons
  21 killer bees
  3 electric eels (Spider:2)
  13 wights
  3 howler monkeys
  6 crimson imps
  2 quasits
  3 human zombies (D:15)
  9 starcursed masses
  A centaur zombie (D:9)
  19 orc priests
  4 hounds
  2 jellies
  A bullfrog skeleton (D:8)
  4 centaur skeletons
  A small abomination (Abyss:2)
  A human skeleton (D:15)
  3 iguanas
  18 orc wizards
  Natasha (thrice) (D:3)
  11 worker ants
  7 ogre zombies (D:9)
  A hound skeleton (D:4)
  A worker ant zombie (D:9)
  Robin (D:3)
  7 gnolls
  8 adders
  4 shadow imps
  2 ufetubi
  An ooze (D:2)
  2 adder skeletons
  4 worms
  2 dart slugs
  4 leopard geckos
  95 orcs
  3 ball pythons
  11 bats
  3 giant cockroaches
  11 goblins
  11 hobgoblins
  9 jackals
  14 kobolds
  7 quokkas
  7 frilled lizards
  A giant cockroach zombie (D:5)
  A goblin skeleton (D:9)
  4 goblin zombies (D:9)
  3 hobgoblin skeletons (D:9)
  3 hobgoblin zombies (D:9)
  A jackal skeleton (D:5)
  A leopard gecko skeleton (D:8)
  An orc skeleton (D:9)
  13 orc zombies (D:9)
  18 rats
  2 fungi
  6 plants
972 creatures vanquished.

Vanquished Creatures (others)
  An emperor scorpion (Spider:3)
  A fire dragon (D:15)
  A redback (Spider:3)
  A centaur (D:14)
  16 fungi
  A plant (Lair:6)
21 creatures vanquished.

Grand Total: 993 creatures vanquished

Notes
Turn   | Place    | Note
-------+----------+-------------------------------------------
     0 | D:1      | itzapapalotl the Minotaur Fighter began the quest for the
                  | Orb.
     0 | D:1      | Reached XP level 1. HP: 19/19 MP: 0/0
    55 | D:1      | Reached XP level 2. HP: 23/27 MP: 1/1
   302 | D:1      | Reached skill level 4 in Shields
   342 | D:1      | Reached skill level 3 in Axes
   627 | D:1      | Reached XP level 3. HP: 33/33 MP: 2/2
  1011 | D:1      | Reached skill level 4 in Fighting
  1102 | D:2      | Reached skill level 4 in Armour
  1219 | D:2      | Reached XP level 4. HP: 31/40 MP: 3/3
  1815 | D:2      | Found a sacrificial altar of Ru.
  2020 | D:3      | Reached skill level 4 in Axes
  2031 | D:3      | Noticed Sigmund
  2033 | D:3      | Reached XP level 5. HP: 39/47 MP: 4/4
  2033 | D:3      | Noticed Natasha
  2036 | D:3      | Reached skill level 5 in Shields
  2045 | D:3      | Killed Sigmund
  2045 | D:3      | Reached XP level 6. HP: 42/55 MP: 5/5
  2046 | D:3      | Killed Natasha
  2046 | D:3      | Reached skill level 5 in Axes
  2230 | D:3      | Noticed a sky beast
  2238 | D:3      | Killed a sky beast
  2238 | D:3      | Reached skill level 5 in Fighting
  2238 | D:3      | Reached skill level 5 in Armour
  2238 | D:3      | Reached skill level 6 in Shields
  2456 | D:3      | Noticed Robin
  2479 | D:3      | Killed Robin
  2488 | D:3      | Noticed Natasha
  2491 | D:3      | Killed Natasha
  2491 | D:3      | Reached XP level 7. HP: 53/61 MP: 6/6
  2682 | D:3      | Noticed Natasha
  2687 | D:3      | Killed Natasha
  2878 | D:4      | Found a staircase to the Ecumenical Temple.
  2885 | Temple   | Entered the Ecumenical Temple
  2908 | Temple   | Became a worshipper of Makhleb the Destroyer
  3022 | D:4      | Found Qeonudep's Armour Emporium.
  3032 | D:4      | Reached skill level 6 in Axes
  3159 | D:4      | Found a shadowy altar of Dithmenos.
  3262 | D:4      | Reached skill level 7 in Shields
  3588 | D:5      | Entered Level 5 of the Dungeon
  3599 | D:5      | Reached XP level 8. HP: 29/70 MP: 7/7
  3931 | D:5      | Reached skill level 7 in Axes
  3946 | D:5      | Reached * piety under Makhleb
  3946 | D:5      | Reached skill level 6 in Fighting
  3946 | D:5      | Reached skill level 6 in Armour
  3975 | D:5      | You fall through a shaft for 3 floors!
  4056 | D:8      | Reached skill level 8 in Shields
  4189 | D:8      | HP: 16/71 [killer bee (7)]
  4191 | D:8      | Reached skill level 8 in Axes
  4598 | D:7      | Found Gefux's Antique Weapon Boutique.
  4605 | D:7      | Noticed Duvessa
  4616 | D:7      | Killed Duvessa
  4619 | D:7      | Reached XP level 9. HP: 28/78 MP: 8/8
  4703 | D:7      | Reached skill level 9 in Shields
  4703 | D:7      | Noticed Dowan
  4725 | D:7      | Gained mutation: Your magical capacity is low. (-10% MP)
                  | [potion of mutation]
  4725 | D:7      | Gained mutation: You have a somewhat thin skeletal
                  | structure. (Dex +2, Stealth) [potion of mutation]
  4725 | D:7      | Gained mutation: Your spells are a little harder to cast,
                  | but a little more powerful. [potion of mutation]
  4727 | D:7      | meem: I am meem, an upgrade of beem built by MalcolmRose
                  | (check out Malcolm's DCSS vids and other projects at
                  | http://youtube.com/malcolmrosegaming). To have me follow
                  | you in your games, type !subscribemeem - to make me go away
                  | forever, type !quitmeem - For help, type: !meem
  4729 | D:7      | Killed Dowan
  4729 | D:7      | Reached ** piety under Makhleb
  5023 | D:7      | Reached skill level 7 in Fighting
  5324 | D:8      | Reached skill level 9 in Axes
  5324 | D:8      | Reached skill level 7 in Armour
  5406 | D:8      | Found a staircase to the Lair.
  5444 | D:8      | Noticed a queen bee
  5449 | D:8      | Killed a queen bee
  5741 | D:8      | Reached skill level 10 in Shields
  6034 | D:8      | Reached skill level 10 in Axes
  6151 | D:9      | Reached *** piety under Makhleb
  6284 | D:9      | Found a staircase to the Orcish Mines.
  6291 | D:9      | Reached XP level 10. HP: 87/88 MP: 8/8
  6301 | D:9      | Reached skill level 8 in Fighting
  6305 | D:9      | Reached skill level 8 in Armour
  6427 | D:9      | Reached **** piety under Makhleb
  6564 | D:9      | Reached skill level 11 in Shields
  6854 | D:10     | Entered Level 10 of the Dungeon
  6885 | D:10     | Found Muagaav's Antique Weapon Boutique.
  6913 | D:10     | Bought a glowing battleaxe for 285 gold pieces
  6955 | D:10     | Reached skill level 11 in Axes
  7022 | D:10     | Noticed Sonja
  7031 | D:10     | Reached skill level 9 in Fighting
  7032 | D:10     | Reached skill level 9 in Armour
  7049 | D:10     | Killed Sonja
  7049 | D:10     | Reached skill level 12 in Shields
  7049 | D:10     | Reached XP level 11. HP: 86/97 MP: 8/8
  7204 | D:10     | Reached skill level 12 in Axes
  7214 | D:10     | Reached ***** piety under Makhleb
  7510 | D:10     | Found a basalt altar of Yredelemnul.
  7734 | D:11     | Noticed Erica
  7769 | D:11     | Killed Erica
  7823 | D:11     | Noticed a white ugly thing
  7824 | D:11     | Reached skill level 13 in Shields
  7831 | D:11     | Reached skill level 10 in Fighting
  7834 | D:11     | Killed a white ugly thing
  7834 | D:11     | Reached skill level 13 in Axes
  7909 | D:11     | Reached skill level 10 in Armour
  7952 | D:11     | Found Ceorr's Assorted Antiques.
  8218 | D:11     | Reached XP level 12. HP: 107/107 MP: 9/9
  8238 | D:11     | Found Qyble's Antique Armour Boutique.
  8373 | D:11     | Found Woqigagg's Assorted Antiques.
  8459 | D:12     | Found Pukazxy's Antique Weapon Shop.
  8867 | D:12     | Reached ****** piety under Makhleb
  8899 | D:12     | Noticed a two-headed ogre
  8904 | D:12     | Killed a two-headed ogre
  8904 | D:12     | Reached skill level 14 in Shields
  9034 | D:12     | Reached skill level 14 in Axes
  9411 | Orc:1    | Entered Level 1 of the Orcish Mines
  9673 | Orc:1    | Found Axefrop's Book Emporium.
  9702 | Orc:2    | Entered Level 2 of the Orcish Mines
  9704 | Orc:2    | Noticed an orc high priest
  9706 | Orc:2    | Found Utuanod's Antique Armour Shoppe.
  9706 | Orc:2    | Noticed an orc high priest
  9718 | Orc:2    | Killed an orc high priest
  9725 | Orc:2    | Killed an orc high priest
  9725 | Orc:2    | Reached skill level 11 in Fighting
  9784 | Orc:2    | Noticed an orc high priest
  9788 | Orc:2    | Noticed an orc high priest
  9792 | Orc:2    | Killed an orc high priest
  9792 | Orc:2    | Reached skill level 11 in Armour
  9802 | Orc:2    | Killed an orc high priest
  9887 | Orc:2    | Found a staircase to the Elven Halls.
  9899 | Orc:2    | Noticed an orc high priest
  9902 | Orc:2    | Found Odeseig's Book Emporium.
  9906 | Orc:2    | Killed an orc high priest
  9911 | Orc:2    | Paralysed by an orc sorcerer for 2 turns
  9952 | Orc:2    | HP: 21/110 [orc warrior/+0 glaive (26)]
 10052 | Orc:2    | Reached XP level 13. HP: 116/116 MP: 10/10
 10063 | Orc:2    | Reached skill level 15 in Shields
 10101 | Orc:2    | Found Xizijiapn's General Store.
 10120 | Orc:2    | Bought a scroll of identify for 30 gold pieces
 10120 | Orc:2    | Bought a potion of curing for 45 gold pieces
 10120 | Orc:2    | Bought a scroll of teleportation for 45 gold pieces
 10201 | Orc:2    | Noticed an orc warlord
 10206 | Orc:2    | Reached skill level 15 in Axes
 10217 | Orc:2    | Killed an orc warlord
 10319 | Orc:2    | Found Zafucajo's Antique Weapon Shop.
 11105 | D:13     | Reached skill level 12 in Fighting
 11217 | D:13     | Found a gate to the Vaults.
 11243 | D:13     | Reached skill level 12 in Armour
 11259 | D:13     | Reached skill level 16 in Shields
 11282 | D:13     | Reached skill level 16 in Axes
 11523 | D:13     | Noticed a sphinx
 11523 | D:13     | Noticed an ettin
 11538 | D:13     | Killed an ettin
 11539 | D:13     | Noticed a sphinx
 11545 | D:13     | Killed a sphinx
 11549 | D:13     | Killed a sphinx
 11549 | D:13     | Reached XP level 14. HP: 127/127 MP: 11/11
 11751 | D:13     | Found a portal to a secret trove of treasure.
 12056 | Lair:1   | Entered Level 1 of the Lair of Beasts
 12208 | Lair:1   | Reached skill level 1 in Invocations
 12429 | Lair:1   | Reached skill level 1 in Evocations
 12437 | Lair:1   | Noticed Gastronok
 12919 | Lair:2   | Reached skill level 2 in Invocations
 13302 | Lair:3   | Noticed Urug
 13325 | Lair:3   | Killed Urug
 13404 | Lair:3   | Found a hole to the Spider Nest.
 13484 | Lair:3   | Reached skill level 17 in Shields
 13525 | Lair:3   | Reached skill level 2 in Evocations
 13888 | Lair:3   | Reached skill level 17 in Axes
 14172 | Lair:4   | Reached skill level 3 in Invocations
 14308 | Lair:4   | Reached skill level 13 in Fighting
 14481 | Lair:4   | Found a staircase to the Shoals.
 14501 | Lair:4   | meem: I am meem, an upgrade of beem built by MalcolmRose
                  | (check out Malcolm's DCSS vids and other projects at
                  | http://youtube.com/malcolmrosegaming). To have me follow
                  | you in your games, type !subscribemeem - to make me go away
                  | forever, type !quitmeem - For help, type: !meem
 14530 | Lair:4   | Reached skill level 13 in Armour
 15607 | D:4      | Bought the +10 plate armour of the Evening {-Tele rPois
                  | rF++ rN+} for 1402 gold pieces
 15618 | D:4      | meem: I am meem, an upgrade of beem built by MalcolmRose
                  | (check out Malcolm's DCSS vids and other projects at
                  | http://youtube.com/malcolmrosegaming). To have me follow
                  | you in your games, type !subscribemeem - to make me go away
                  | forever, type !quitmeem - For help, type: !meem
 15618 | D:4      | Upgraded the game from 0.23-a0-625-g1d2cd9b to
                  | 0.23-a0-629-gae4348f
 15924 | D:13     | You paid a toll of the plate armour of the Evening to enter
                  | a treasure trove
 15925 | Trove    | Entered a treasure trove
 15936 | Trove    | Got a glittering steel amulet
 15949 | Trove    | Got a brightly glowing glass ring
 15979 | Trove    | Identified the ring of Fieziuch {rPois rF+ SInv Stlth+}
                  | (You found it in a treasure trove)
 15992 | D:13     | Identified the amulet "Upnosif" {Reflect +Blink Str-5 Int+6
                  | Dex+3 SH+5} (You found it in a treasure trove)
 16509 | Lair:5   | Reached skill level 3 in Evocations
 16520 | Lair:5   | Got a distressingly furry ring mail
 16567 | Lair:5   | Found a staircase to the Slime Pits.
 16805 | Lair:5   | Reached XP level 15. HP: 108/135 MP: 13/14
 17039 | Lair:6   | Entered Level 6 of the Lair of Beasts
 17710 | Lair:6   | Noticed Josephine
 17730 | Lair:6   | Killed Josephine
 17874 | Lair:6   | Reached skill level 4 in Invocations
 18130 | Lair:6   | Cast into level 2 of the Abyss (a distortion unwield)
 18130 | Abyss:2  | Found a corrupted altar of Lugonu.
 18463 | Lair:6   | Escaped the Abyss
 18752 | Lair:6   | HP: 33/136 [oklob plant/splash of acid (9)]
 18754 | Lair:6   | Identified the Volume of the Boosting Glacier
 18754 | Lair:6   | HP: 8/136 [acid (16)]
 18755 | Lair:6   | Upgraded the game from 0.23-a0-629-gae4348f to
                  | 0.23-a0-635-g88ca12a
 19417 | D:11     | Found Qyble's Antique Armour Boutique.
 19451 | D:11     | Found Woqigagg's Assorted Antiques.
 19456 | D:11     | Bought a puce potion for 18 gold pieces
 19683 | D:14     | Reached skill level 4 in Evocations
 19780 | D:14     | Reached skill level 18 in Shields
 19806 | D:14     | Reached skill level 18 in Axes
 20293 | D:15     | Entered Level 15 of the Dungeon
 20322 | D:15     | Found a white marble altar of Elyvilon.
 20616 | D:15     | Found a staircase to the Depths.
 20665 | D:15     | Reached skill level 5 in Invocations
 20893 | D:15     | Found a basalt altar of Yredelemnul.
 21380 | Orc:2    | Bought a ration for 75 gold pieces
 21405 | Orc:2    | Bought a pair of gloves for 112 gold pieces
 22331 | Spider:1 | Entered Level 1 of the Spider Nest
 22342 | Spider:1 | Reached skill level 1 in Bows
 22379 | Spider:1 | Reached skill level 1 in Dodging
 22759 | Spider:1 | Reached skill level 2 in Dodging
 22764 | Spider:1 | Reached XP level 16. HP: 145/145 MP: 12/16
 22989 | Spider:1 | Reached skill level 2 in Bows
 23362 | Spider:2 | Identified the +5 large shield of Duty {rCorr}
 23362 | Spider:2 | Noticed Louise
 23363 | Spider:2 | Cast into level 3 of the Abyss (Louise)
 23454 | Abyss:3  | Gained mutation: You are frail. (-10% HP) [a neqoxec]
 23493 | Abyss:3  | Reached skill level 3 in Dodging
 23501 | Abyss:3  | Reached skill level 5 in Evocations
 23554 | Abyss:3  | Noticed an Executioner
 23572 | Abyss:3  | Killed an Executioner
 23610 | Spider:2 | Escaped the Abyss
 23618 | Spider:2 | Reached skill level 14 in Fighting
 23657 | Spider:2 | Killed Louise
 23657 | Spider:2 | Reached skill level 14 in Armour
 23811 | Spider:2 | Noticed Arachne
 23841 | Spider:2 | Killed Arachne
 23841 | Spider:2 | Reached skill level 3 in Bows
 23841 | Spider:2 | Reached skill level 4 in Dodging
 23849 | Spider:2 | Got a dazzling halberd
 23917 | Spider:2 | Noticed Roxanne
 23942 | Spider:2 | Killed Roxanne
 24162 | Spider:2 | Reached skill level 6 in Invocations
 24702 | Spider:3 | Reached skill level 5 in Dodging
 24921 | Spider:3 | Noticed Nikola
 24924 | Spider:3 | HP: 12/131 [Nikola/chain lightning (25)]
 24924 | Spider:3 | Killed from afar by Nikola

Vault maps used:
D:1:      erik_arrival_orb_chamber
D:2:      lemuel_coloured_pillars_altar, interstate_on_off, st_stairs_13,
          minmay_cupped
D:3:      corexii_item_surrounded_by_moat, uniq_natasha, uniq_sigmund,
          uniq_robin
D:4:      minmay_temple_entry_statues_fountains, first_ration, serial_shops,
          shop, nicolae_dithmenos_the_darkroom
D:6:      uniq_blork_the_orc
D:7:      serial_shops, shop, uniq_duvessa
D:8:      lair_entry_dummy, david_nohive_1
D:9:      zombieorc2_lemuel
D:10:     serial_shops, shop_statue, kennysheep_flooded_box, uniq_sonja
D:11:     serial_shops, shop, kennysheep_mini_moat, shop, uniq_erica
D:12:     serial_shops, nicolae_shop_temple_entry_statues_fountains
D:13:     minmay_glassy_protrusions, erik_vaults_2, special_room,
          nicolae_trove_entry_crossroad, gauntlet_entry_generic
D:14:     kennysheep_generic_room_8
D:15:     grunt_enter_depths_hoard, lemuel_tele_altar, minivault_15,
          st_stairs_3, lemuel_mausoleum_altar_yredelemnul
Temple:   grunt_wide_crystal_templ
Lair:1:   grunt_megastairs_2, lemuel_fruit_tree, uniq_gastronok
Lair:2:   grunt_megastairs_3
Lair:3:   spider_nest_entry_a, lemuel_fruit_fields, uniq_urug
Lair:4:   elwin_shoals_entry_stream, serial_bayou_pond_a
Lair:5:   slime_dummy, beast_lair_carwin_3
Lair:6:   grunt_lair_end_beastmaster, chequers_serial_rivers_small_a,
          minmay_lair_oklob_chamber, infiniplex_staircase_pool, uniq_josephine
Spider:1: hangedman_spider_tarantella_strand
Spider:2: uniq_louise, uniq_roxanne, uniq_arachne
Spider:3: uniq_nikola
Orc:1:    serial_shops, nicolae_shop_waterfront, nicolae_shop_behind_doors,
          shop, nicolae_orc_sculptors_studio, lightli_orcish_oven
Orc:2:    grunt_orc_gardens, grunt_orc_garden, grunt_orc_garden,
          grunt_orc_garden, grunt_orc_garden
Abyss:3:  abyss_greek_temple, evilmike_abyss_exit_16,
          nicolae_abyss_rune_star_stuff
Trove:    trove_simple

Skill      XL: |  1  2  3  4  5  6  7  8  9 10 11 12 13 14 15 16 |
---------------+-------------------------------------------------+-----
Shields        | 4 5 6 7 8 10 12 13 14 16 17 18 | 18.9
Axes           | 3 4 5 6 8 10 11 13 14 16 17 18 | 18.9
Fighting       | 4 5 6 7 9 10 11 12 13 14 | 14.2
Armour         | 4 5 6 7 9 10 11 12 13 14 | 14.2
Invocations    | 3 5 6 |  6.2
Evocations     | 3 4 5 |  5.6
Bows           | 1 3 |  3.7
Dodging        | 2 5 |  5.3

Action                   |  1- 3 |  4- 6 |  7- 9 | 10-12 | 13-15 | 16-18 || total
-------------------------+-------+-------+-------+-------+-------+-------++-------
Melee: War axe           |    77 |   105 |   197 |   524 |  1457 |   427 ||  2787
       Headbutt          |     7 |    10 |    27 |   126 |   424 |   121 ||   715
       Unarmed           |       |       |     1 |       |       |       ||     1
       Flail             |       |       |       |       |   103 |       ||   103
Invok: Major Destruction |       |       |       |       |     2 |       ||     2
       Lesser Servant of |       |       |       |       |     1 |       ||     1
 Abil: Evoke Blink       |       |       |       |       |     6 |       ||     6
Evoke: Wand              |       |       |       |       |    10 |     2 ||    12
  Use: Scroll            |     3 |     1 |    10 |     7 |    24 |     1 ||    46
       Potion            |       |     1 |     7 |     6 |    17 |     2 ||    33
 Stab: Petrified         |       |       |       |       |    15 |       ||    15
       Petrifying        |       |       |       |       |     1 |       ||     1
  Eat: Chunk             |     1 |     4 |     9 |    10 |    15 |     4 ||    43
       Ration            |       |       |     1 |     2 |    16 |     1 ||    20
Armor: Scale mail        |    20 |    32 |    58 |    47 |       |       ||   157
       Crystal plate arm |       |       |       |   132 |   715 |   218 ||  1065
Dodge: Dodged            |    26 |    22 |    50 |    80 |   187 |    59 ||   424
Block: Shield            |    39 |    47 |   131 |   328 |  1181 |   166 ||  1892
       Reflection        |       |       |       |       |    18 |     9 ||    27
       Large shield      |       |       |       |       |       |   465 ||   465

Table legend:
 A = Non-vault XP
 B = Vault XP
 C = Vault XP percentage of total XP
 D = Non-vault monster count
 E = Vault monster count
 F = Vault count percentage of total count
                 A         B        C        D         E       F
            +---------+---------+-------+---------+---------+-------
      Total |  139095 |   61610 |  30.7 |     743 |     224 |  23.2
            +---------+---------+-------+---------+---------+-------
        D:1 |      40 |      12 |  23.1 |      26 |      12 |  31.6
        D:2 |      99 |      13 |  11.6 |      22 |       4 |  15.4
        D:3 |     335 |     294 |  46.7 |      24 |      14 |  36.8
        D:4 |     523 |       0 |   0.0 |      21 |       0 |   0.0
        D:5 |     868 |       0 |   0.0 |      18 |       0 |   0.0
        D:6 |     219 |       0 |   0.0 |       6 |       0 |   0.0
        D:7 |     642 |     223 |  25.8 |      18 |       2 |  10.0
        D:8 |    1157 |    1093 |  48.6 |      27 |      14 |  34.1
        D:9 |    1668 |     864 |  34.1 |      24 |      36 |  60.0
       D:10 |    5488 |     827 |  13.1 |      45 |       1 |   2.2
       D:11 |    8349 |     918 |   9.9 |      46 |       1 |   2.1
       D:12 |    5244 |       0 |   0.0 |      38 |       0 |   0.0
       D:13 |    9007 |   16162 |  64.2 |      49 |      38 |  43.7
       D:14 |    8928 |     116 |   1.3 |      34 |       1 |   2.9
       D:15 |    4421 |    4294 |  49.3 |      13 |      17 |  56.7
     Lair:1 |    3805 |    1216 |  24.2 |      19 |       6 |  24.0
     Lair:2 |    5513 |     851 |  13.4 |      25 |       4 |  13.8
     Lair:3 |    6213 |    1690 |  21.4 |      25 |       5 |  16.7
     Lair:4 |    6166 |    1759 |  22.2 |      22 |       4 |  15.4
     Lair:5 |    4776 |    1414 |  22.8 |      16 |       5 |  23.8
     Lair:6 |    5583 |   10299 |  64.8 |      17 |      22 |  56.4
   Spider:1 |   18583 |     219 |   1.2 |      56 |       1 |   1.8
   Spider:2 |   12503 |    7470 |  37.4 |      39 |       3 |   7.1
   Spider:3 |   10487 |       0 |   0.0 |      24 |       0 |   0.0
      Orc:1 |     708 |     144 |  16.9 |       9 |       6 |  40.0
      Orc:2 |    3472 |   11299 |  76.5 |      42 |      27 |  39.1
    Abyss:2 |    4905 |       0 |   0.0 |      19 |       0 |   0.0
    Abyss:3 |    9393 |     433 |   4.4 |      19 |       1 |   5.0
            +---------+---------+-------+---------+---------+-------

Vault maps used:
D:1:      erik_arrival_orb_chamber
D:2:      lemuel_coloured_pillars_altar, interstate_on_off, st_stairs_13,
          minmay_cupped
D:3:      corexii_item_surrounded_by_moat, uniq_natasha, uniq_sigmund,
          uniq_robin
D:4:      minmay_temple_entry_statues_fountains, first_ration, serial_shops,
          shop, nicolae_dithmenos_the_darkroom
D:6:      uniq_blork_the_orc
D:7:      serial_shops, shop, uniq_duvessa
D:8:      lair_entry_dummy, david_nohive_1
D:9:      zombieorc2_lemuel
D:10:     serial_shops, shop_statue, kennysheep_flooded_box, uniq_sonja
D:11:     serial_shops, shop, kennysheep_mini_moat, shop, uniq_erica
D:12:     serial_shops, nicolae_shop_temple_entry_statues_fountains
D:13:     minmay_glassy_protrusions, erik_vaults_2, special_room,
          nicolae_trove_entry_crossroad, gauntlet_entry_generic
D:14:     kennysheep_generic_room_8
D:15:     grunt_enter_depths_hoard, lemuel_tele_altar, minivault_15,
          st_stairs_3, lemuel_mausoleum_altar_yredelemnul
Temple:   grunt_wide_crystal_templ
Lair:1:   grunt_megastairs_2, lemuel_fruit_tree, uniq_gastronok
Lair:2:   grunt_megastairs_3
Lair:3:   spider_nest_entry_a, lemuel_fruit_fields, uniq_urug
Lair:4:   elwin_shoals_entry_stream, serial_bayou_pond_a
Lair:5:   slime_dummy, beast_lair_carwin_3
Lair:6:   grunt_lair_end_beastmaster, chequers_serial_rivers_small_a,
          minmay_lair_oklob_chamber, infiniplex_staircase_pool, uniq_josephine
Spider:1: hangedman_spider_tarantella_strand
Spider:2: uniq_louise, uniq_roxanne, uniq_arachne
Spider:3: uniq_nikola
Orc:1:    serial_shops, nicolae_shop_waterfront, nicolae_shop_behind_doors,
          shop, nicolae_orc_sculptors_studio, lightli_orcish_oven
Orc:2:    grunt_orc_gardens, grunt_orc_garden, grunt_orc_garden,
          grunt_orc_garden, grunt_orc_garden
Abyss:3:  abyss_greek_temple, evilmike_abyss_exit_16,
          nicolae_abyss_rune_star_stuff
Trove:    trove_simple

Table legend:
 A = Turns spent in this place as a percentage of turns spent in the entire game.
 B = Non-inter-level travel turns spent in this place as a percentage of non-inter-level travel turns spent in the entire game.
 C = Inter-level travel turns spent in this place as a percentage of turns spent in this place.
 D = Turns resting spent in this place as a percentage of non-inter-level travel turns spent in this place.
 E = Turns spent auto-exploring this place as a percentage of non-inter-level travel turns spent in this place.
 F = Non-inter-level travel turns spent in this place divided by the number of levels of this place that you've seen.
                   A       B       C       D       E      F
               +-------+-------+-------+-------+-------+----------------------
         Total | 100.0 | 100.0 |  12.0 |   2.6 |  72.0 | 707.4
       Dungeon |  58.3 |  56.4 |  14.9 |   2.2 |  75.7 | 824.8
        Temple |   0.2 |   0.1 |  39.0 |   0.0 |  56.0 |  25.0
          Lair |  24.3 |  24.7 |  10.5 |   5.2 |  72.8 | 903.0
   Spider Nest |   9.4 |  10.5 |   2.0 |   0.0 |  65.5 | 766.0
  Orcish Mines |   5.2 |   5.3 |  10.1 |   1.1 |  62.9 | 586.0
         Abyss |   2.3 |   2.6 |   0.0 |   0.0 |  37.6 | 193.3
         Trove |   0.3 |   0.3 |   0.0 |   0.0 |   7.7 |  65.0
               +-------+-------+-------+-------+-------+----------------------

Table legend:
 A = Kills in this place as a percentage of kills in entire the game.
 B = Kills by you in this place as a percentage of kills by you in the entire game.
 C = Kills by friends in this place as a percentage of kills by friends in the entire game.
 D = Other kills in this place as a percentage of other kills in the entire game.
 E = Experience gained in this place as a percentage of experience gained in the entire game.
 F = Experience gained in this place divided by the number of levels of this place that you have seen.
                   A       B       C       D       E      F
               +-------+-------+-------+-------+-------+----------------------
         Total | 100.0 | 100.0 |   N/A | 100.0 | 100.0 | 6474.4
       Dungeon |  57.0 |  57.0 |   N/A |  66.7 |  35.8 | 4786.9
          Lair |  17.6 |  17.6 |   N/A |   0.0 |  24.6 | 8214.2
   Spider Nest |  12.7 |  12.7 |   N/A |  33.3 |  24.5 | 16420.7
  Orcish Mines |   8.7 |   8.7 |   N/A |   0.0 |   7.8 | 7811.5
         Abyss |   4.0 |   4.0 |   N/A |   0.0 |   7.3 | 4910.3
               +-------+-------+-------+-------+-------+----------------------
